 Dungeon Crawl Stone Soup version 0.17-a0-1646-geb1493d (webtiles) character file.

161 LilCorpsy the Shield-Bearer (level 5, -7/42 HPs)
             Began as a Formicid Fighter on Aug 10, 2015.
             Mangled by an ogre
             ... wielding a cursed -1 giant club
              (15 damage)
             ... on level 3 of the Dungeon.
             The game lasted 00:06:08 (2295 turns).

LilCorpsy the Shield-Bearer (Formicid Fighter)      Turns: 2295, Time: 00:06:08

Health: -7/42      AC:  9    Str: 19 (22) XL:     5   Next: 70%
Magic:  5/5        EV:  8    Int: 12      God:
Gold:   148        SH:  9    Dex: 10      Spells: 0 memorised, 4 levels left

rFire  . . .     SeeInvis +     a - +0 war axe
rCold  . . .     Clarity  +     b - +0 scale mail
rNeg   . . .     SustAt   .     c - +0 shield
rPois  .         Gourm    .     (helmet unavailable)
rElec  .         Spirit   .     t - +1 cloak {+Inv}
rCorr  .         Warding  .     (no gloves)
rMut   .         Stasis   +     (no boots)
MR     +....                    (no amulet)
Stlth  ..........               s - ring of flight
                                p - +3 ring of intelligence

@: flying, somewhat resistant to hostile enchantments, extremely unstealthy
A: permanent stasis, dig shafts and tunnels, four strong arms, antennae 3,
clarity, clever 1, magic resistance 1
a: Dig, Shaft Self, Evoke Invisibility


You were on level 3 of the Dungeon.
You were not hungry.

You visited 1 branch of the dungeon, and saw 3 of its levels.

You collected 148 gold pieces.

Inventory:

Hand weapons
 a - a +0 war axe (weapon)
Missiles
 r - 35 stones (quivered)
Armour
 b - a +0 scale mail (worn)
 c - a +0 shield (worn)
 t - a +1 cloak of invisibility (worn)
Jewellery
 p - a +3 ring of intelligence (left hand)
 s - a ring of flight (right hand)
Scrolls
 e - a scroll of enchant weapon {unknown}
 g - 6 scrolls of identify {unknown}
 k - 4 scrolls of teleportation {unknown}
 m - a scroll of blinking {unknown}
 n - 2 scrolls of recharging {unknown}
 w - 2 scrolls of remove curse {unknown}
Potions
 d - 2 potions of might
 f - 2 potions of curing
 u - a potion of poison
Comestibles
 i - 3 meat rations
 o - 2 bread rations
 x - a slice of pizza


   Skills:
 + Level 4.0 Fighting
 * Level 3.8 Axes
 + Level 4.1 Armour
 + Level 4.6 Shields


You had 4 spell levels left.
You didn't know any spells.

Dungeon Overview and Level Annotations

Branches:
Dungeon (3/15)

Altars:


Innate Abilities, Weirdness & Mutations

You are under a permanent stasis effect.
You can dig through walls and to a lower floor.
Your four strong arms can wield two-handed weapons with a shield.
You have a pair of large antennae on your head (SInv).
You possess an exceptional clarity of mind.
Your mind is acute. (Int +2)
You are resistant to hostile enchantments.


Message History

A jackal comes into view.
The jackal barks!
It was a potion of poison.
You feel slightly nauseous.
You feel less woody.
Your +1 cloak of invisibility unmelds from your body.
Your +0 scale mail unmelds from your body.
You become transparent for a moment.
The ogre closely misses you.
Unknown command.
Unknown command.
It was a potion of flight.
You feel very buoyant.
You fly up into the air.
The jackal closely misses you. You block the ogre's attack.
It was a potion of mutation.
You feel extremely strange.
You feel clever.
You feel resistant to hostile enchantments.
Your thoughts seem clearer.
The jackal bites you but does no damage. x2
You feel better. The ogre hits you with a giant club!
You die...

#.##.......#.####.#.#.#
#.# #............#
#.#.#.# #.#
####....####.# #.#.#.#
#.# ####.#.## #.#
#.#.#.# #.# #....#.#
#.# #{#.#.## #.#
#.####.# ##.## #......#
#.# #.#
#.####...#####.#..# #.#
#.# #......#h.# #.#..#
#.# #.# #O@..####.#..#
#[# #.#
##...........####.# #.#
###............... #.#
#######.#.######
#.#############
#.#.......
#.............#
#>########
#############.# #.# #.#
#.# #.######.#


You could see an ogre and a jackal.

Vanquished Creatures
  An orc wizard (D:3)
  An orc priest (D:3)
  Jessica (D:2)
  An ooze (D:3)
  A worm (D:2)
  A giant gecko (D:1)
  3 orcs (D:3)
  2 ball pythons (D:1)
  3 giant cockroaches
  9 goblins
  7 hobgoblins
  3 jackals (D:3)
  11 kobolds
  A quokka (D:3)
  9 bats
  9 giant newts
  9 rats
72 creatures vanquished.

Notes
Turn   | Place    | Note
--------------------------------------------------------------
     0 | D:1      | LilCorpsy the Formicid Fighter began the quest for the Orb.
     0 | D:1      | Reached XP level 1. HP: 18/18 MP: 1/1
    77 | D:1      | Reached XP level 2. HP: 17/24 MP: 2/2
   481 | D:1      | Reached XP level 3. HP: 20/29 MP: 3/3
  1245 | D:2      | Reached skill level 4 in Shields
  1433 | D:2      | Noticed Jessica
  1439 | D:2      | Killed Jessica
  1439 | D:2      | Reached XP level 4. HP: 35/37 MP: 4/4
  2139 | D:3      | Reached XP level 5. HP: 42/42 MP: 5/5
  2282 | D:3      | Noticed an ogre
  2294 | D:3      | Gained mutation: Your mind is acute. (Int +2) [potion of mutation]
  2294 | D:3      | Gained mutation: You are resistant to hostile enchantments. [potion of mutation]
  2294 | D:3      | Gained mutation: You possess an exceptional clarity of mind. [potion of mutation]
  2295 | D:3      | Mangled by an ogre

Vault maps used:
D:1:      lemuel_arrival_broad_hall, moated_statue, serial_park_tiny_2
D:2:      serial_forest, infiniplex_forest_clump_curved,
          infiniplex_forest_straight_2, infiniplex_forest_zigzag_1,
          infiniplex_forest_straight_2, infiniplex_forest_clump_tiny,
          infiniplex_forest_clump_C, infiniplex_forest_straight_2,
          infiniplex_forest_straight_2, uniq_jessica

Action                   |  1- 3 |  4- 6 || total
-------------------------+-------+-------++-------
Melee: War axe           |   128 |    77 ||   205
  Use: Potion            |     1 |     7 ||     8
  Eat: Bread ration      |     1 |       ||     1
